 Dungeon Crawl Stone Soup version 0.29-a0-1047-g7c58e119a4 (webtiles) character file.

Game seed: 17754408495690271659

68 voltaire321 the Digger (level 4, 0/28 HPs)
             Began as an Octopode Earth Elementalist on Aug 16, 2022.
             Slain by a quokka (5 damage)
             ... on level 2 of the Dungeon.
             The game lasted 00:03:15 (1303 turns).

voltaire321 the Digger (OpEE)                       Turns: 1303, Time: 00:03:16

Health: 0/28       AC:  1    Str:  7    XL:     4   Next: 19%
Magic:  1/7        EV: 13    Int: 19    God:
Gold:   98         SH:  0    Dex: 12    Spells: 1/7 levels left

rFire   . . .      SeeInvis .   j - +2 short sword (venom)
rCold   . . .      Faith    .   (no shield)
rNeg    + . .      Spirit   .   (helmet restricted)
rPois   .          Reflect  .   (no amulet)
rElec   .          Harm     .   i - ring of positive energy
rCorr   .          Rampage  .   (no ring)
Will    .....                   (no ring)
Stlth   +++.......              (no ring)
HPRegen 0.09/turn               (no ring)
MPRegen 0.10/turn               (no ring)
                                (no ring)
                                (no ring)

@: no status effects
A: almost no armour, amphibious, 8 rings, camouflage 1, gelatinous body 1,
(nimble swimmer 1), tentacles
a: no special abilities


You were on level 2 of the Dungeon.
You visited 1 branch of the dungeon, and saw 2 of its levels.

You collected 98 gold pieces.

Inventory:

Hand Weapons
 f - a +0 rapier
 j - a +2 short sword of venom (weapon)
Jewellery
 i - a ring of positive energy (left tentacle)
Scrolls
 b - 3 scrolls of identify {unknown}
 d - a scroll of magic mapping {unknown}
 e - a scroll of blinking {unknown}
Potions
 a - a potion of magic
 c - a potion of lignification {unknown}
 g - a potion of heal wounds {unknown}
 h - a potion of haste {unknown}
 k - a potion of curing {unknown}


   Skills:
 + Level 1.4 Fighting
 + Level 2.6 Dodging
 - Level 2.6 Stealth
 + Level 2.4 Spellcasting
 + Level 1.9 Transmutations
 + Level 3.4 Earth Magic


You had one spell level left.
You knew the following spells:

 Your Spells              Type           Power      Damage    Failure   Level
a - Sandblast             Erth           30%        2d9       4%          1
b - Passwall              Tmut/Erth      10%        N/A       9%          2
c - Stone Arrow           Conj/Erth      16%        3d8       24%         3

Your spell library contained the following spells:

 Spells                   Type           Power      Damage    Failure   Level
 Wereblood                Tmut           9%         N/A       11%         2
 Sublimation of Blood     Necr           2%         N/A       24%         2
 Vampiric Draining        Necr           2%         2d6       43%         3
 Petrify                  Tmut/Erth      12%        N/A       47%         4
 Iskenderun's Mystic Bla  Conj/Tloc      2%         2d3       85%         4
 Irradiate                Conj/Tmut      3%         3d12      96%         5
 Simulacrum               Ice/Necr       1%         N/A       100%        6
 Summon Hydra             Summ           1%         N/A       100%        7


Dungeon Overview and Level Annotations

Branches:
Dungeon (2/15)

Altars:


Innate Abilities, Weirdness & Mutations

You cannot wear most types of armour.
You are amphibious.
You can wear up to eight rings at the same time.
Your skin changes colour to match your surroundings (Stealth+).
Your rubbery body absorbs attacks. (AC +1, EV +1)
((You are camouflaged when in or above water. (Stealth+)))
You have tentacles for arms and can constrict up to eight enemies at once.


Message History

Press: ? - help, Shift-Dir - straight line, f/p - adder
Aim: an adder (heavily wounded, 70% to hit)
The blast of sand misses the adder.
You feel very sick. The bat hits you but does no damage. The adder misses you.
An adder comes into view.
The adder barely misses you.
A rat comes into view.
The adder moves out of view.
Casting: Sandblast (safe; 4% risk of failure)
Confirm with . or Enter, or press ? or * to list all spells.
Aiming: Sandblast (safe; 4% risk of failure)
Press: ? - help, Shift-Dir - straight line, f/p - adder
Aim: an adder (heavily wounded, 70% to hit)
The blast of sand misses the adder.
You feel sick. The bat completely misses you. The adder barely misses you.
A giant cockroach comes into view.
The bat misses you. The adder misses you.
Casting: Sandblast (safe; 4% risk of failure)
Confirm with . or Enter, or press ? or * to list all spells.
You don't have enough magic to cast this spell.
Unknown command.
You hit the adder. Your grab misses the adder.
The adder is almost dead.
You feel sick. The bat closely misses you. The adder bites you.
The adder completely misses you. The bat barely misses you. The rat misses you.
You hit the adder but do no damage.
The adder is poisoned.
Your grab misses the adder.
The adder is almost dead.
You feel sick.
You kill the adder!
The bat barely misses you. The bat hits you.
* * * LOW HITPOINT WARNING * * *
The giant cockroach closely misses you. The rat misses you.
The giant cockroach bites you.
* * * LOW HITPOINT WARNING * * *
You feel sick.
You are no longer poisoned.
The bat misses you. The quokka bites you.
You die...

.# .. ...###. #.....##
#..#.... . # ##......#
.. ## #.....#.# #.#
.## #....###...#
..####### #.#r@b)S.#
.⌠.......## ##.#r#B#.#
..... ....###.##.....
...#### #..#.)....#..#
...##.###.....##.###.#
.⌠.#...##.......## #..
...........##).#.## .#
.###...##.........# .
## ##.####.##......#


You could see an adder, a quokka, a giant cockroach, a bat and a rat.

Vanquished Creatures
  2 adders (D:2)
  A dart slug (D:1)
  3 ball pythons (D:1)
  3 bats (D:1)
  4 endoplasms
  2 giant cockroaches (D:1)
  6 goblins
  4 hobgoblins
  3 jackals (D:1)
  7 kobolds
  A quokka (D:1)
  4 rats (D:1)
40 creatures vanquished.

Notes
Turn   | Place    | Note
-------+----------+-------------------------------------------
     0 | D:1      | voltaire321 the Octopode Earth Elementalist began the quest
                  | for the Orb.
     0 | D:1      | Reached XP level 1. HP: 11/11 MP: 3/3
    84 | D:1      | Reached XP level 2. HP: 15/18 MP: 0/5
   411 | D:1      | Reached XP level 3. HP: 16/22 MP: 6/6
   494 | D:1      | Learned a level 2 spell: Passwall
   498 | D:1      | Learned a level 3 spell: Stone Arrow
   580 | D:1      | Reached skill level 1 in Fighting
   977 | D:1      | Got the Opusculum on the Excruciating Crypt
  1297 | D:2      | Reached XP level 4. HP: 20/28 MP: 4/7
  1303 | D:2      | Slain by a quokka

Illustrated notes

Levels and vault maps discovered:
D:1:      reono_arrival_forest_river, layout_loops_ring, minmay_nonomino_d4
D:2:      layout_loops_ring, dreamdust_ecumenical_altar_hidden_monk_grotto,
          grunt_ministairs_2, st_stairs_8, minmay_fractal_squares_5

Skill      XL: |  1  2  3 |
---------------+----------+-----
Fighting       | 1 |  1.4
Dodging        | |  2.6
Stealth        | |  2.6
Spellcasting   | |  2.4
Transmutations | |  1.9
Earth Magic    | |  3.4

Action                   |  1- 3 |  4- 6 || total
-------------------------+-------+-------++-------
Melee: Short sword       |    27 |     2 ||    29
       Constrict         |    11 |       ||    11
       Tentacles         |     6 |       ||     6
       Rapier            |    17 |       ||    17
 Cast: Sandblast         |    20 |     4 ||    24
 Stab: Sleeping          |     7 |       ||     7
Armor: Skin              |     3 |     1 ||     4
Dodge: Dodged            |    40 |    15 ||    55

Table legend: (Time is in decaauts)
 A = Elapsed time spent in this place.
 B = Non-inter-level travel time spent in this place.
 C = Inter-level travel time spent in this place.
 D = Time resting spent in this place.
 E = Time spent auto-exploring this place.
 F = Levels seen in this place.
 G = Mean time per level.
                   A        B        C        D        E       F      G
               +--------+--------+--------+--------+--------+-----+--------+
         Total |   1319 |   1319 |      0 |    283 |    719 |   2 |  659.5 |
       Dungeon |   1319 |   1319 |      0 |    283 |    719 |   2 |  659.5 |
               +--------+--------+--------+--------+--------+-----+--------+

Top non-repeatable levels by time:
     D:1: 1174 daAuts
     D:2: 144 daAuts
